 Dungeon Crawl Stone Soup version 0.18.1-48-g4cf74bf (webtiles) character file.

1039 tyranidshit the Skirmisher (level 8, -1/76 HPs)
             Began as a Deep Dwarf Necromancer on July 12, 2016.
             Slain by a wight
             ... wielding a cursed +1 halberd
              (8 damage)
             ... on level 6 of the Dungeon.
             The game lasted 00:26:18 (4155 turns).

tyranidshit the Skirmisher (Deep Dwarf Necromancer) Turns: 4155, Time: 00:26:19

Health: -1/76      AC:  4    Str: 10 (11) XL:     8   Next: 4%
Magic:  12/13      EV: 11    Int: 22      God:
Gold:   260        SH:  0    Dex: 12 (13) Spells: 2 memorised, 14 levels left

rFire  . . .     SeeInvis .     q - -2 trident (curse)
rCold  . . .     Gourm    .     z - +1 robe of Ashenzari {*Contam rPois rCorr Int+3}
rNeg   + . .     Faith    .     (no shield)
rPois  +         Spirit   .     h - +0 helmet
rElec  .         Dismiss  .     (no cloak)
rCorr  +         Reflect  .     (no gloves)
SustAt .         Harm     .     (no boots)
MR     +....     Rnd*Rage +     (no amulet)
Stlth  +.........               (no ring)
                                v - ring of positive energy

@: non-regenerating, heavily drained, somewhat resistant to hostile
enchantments, very unstealthy
A: damage resistance, recharge devices, berserk 1, low mp 1, sense surroundings
1, slow regeneration 3, evolution 1
a: Device Recharging


You were on level 6 of the Dungeon.
You were not hungry.

You visited 2 branches of the dungeon, and saw 7 of its levels.

You collected 260 gold pieces.

Inventory:

Hand Weapons
 d - a +0 morningstar
 j - a +0 trident
 k - a +0 quarterstaff
 o - a cursed +0 scythe
 q - a cursed -2 trident (weapon)
 w - a +0 blowgun
 y - a +0 short sword of freezing
Missiles
 x - 24 poisoned needles
Armour
 a - a +0 robe
 h - a +0 helmet (worn)
 i - a +0 robe
 n - a +0 hat
 u - a +0 leather armour of cold resistance
 z - the +1 robe of Ashenzari (worn) {*Contam rPois rCorr Int+3}
   (You found it on level 4 of the Dungeon)

   It affects your intelligence (+3).
   It protects you from poison.
   It causes magical contamination when unequipped.
   It protects you from acid and corrosion.
Jewellery
 e - an uncursed amulet of guardian spirit
 v - a ring of positive energy (left hand)
Wands
 c - a wand of heal wounds (1/9)
Scrolls
 f - 7 scrolls of identify
 m - a scroll of blinking {unknown}
 p - a scroll of noise {unknown}
 r - a scroll of teleportation {unknown}
 s - 2 scrolls of enchant armour {unknown}
 B - a scroll of fog {unknown}
 G - a scroll of vulnerability {unknown}
Potions
 g - a potion of lignification
 l - 2 potions of curing
 D - a potion of might
Books
 b - a book of Necromancy

   Spells                             Type                      Level
   a - Pain                           Necromancy                   1
   b - Animate Skeleton               Necromancy                   1
   c - Vampiric Draining              Necromancy                   3
   d - Regeneration                   Charms/Necromancy            3
   e - Animate Dead                   Necromancy                   4
   f - Control Undead                 Necromancy                   4
 F - a book of Air

   Spells                             Type                      Level
   a - Shock                          Conjuration/Air              1
   b - Swiftness                      Charms/Air                   2
   c - Repel Missiles                 Charms/Air                   2
   d - Static Discharge               Conjuration/Air              3
   e - Lightning Bolt                 Conjuration/Air              5
Comestibles
 t - 3 royal jellies
 A - a bread ration
 C - a meat ration
 E - 2 fruits


   Skills:
 + Level 6.0(3.7) Fighting
 - Level 2.1(0.1) Dodging
 - Level 2.4(0.3) Stealth
 + Level 5.6(3.3) Spellcasting
 - Level 4.3(2.1) Necromancy


You had 14 spell levels left.
You knew the following spells:

 Your Spells              Type           Power        Failure   Level  Hunger
a - Pain                  Necr           ##..         6%          1    None
b - Vampiric Draining     Necr           ##........   14%         3    ###....


Dungeon Overview and Level Annotations

Branches:
Dungeon (6/15)             Temple (1/1) D:4

Altars:
Ashenzari
Cheibriados
Dithmenos
Elyvilon
Fedhas
Gozag
Kikubaaqudgha
Okawaru
Pakellas
Qazlal
Ru
Trog
Xom
The Shining One


Innate Abilities, Weirdness & Mutations

You are resistant to damage.
You can recharge devices by infusing magical energy.
You passively map a small area around you.
You do not regenerate naturally.
You tend to lose your temper in combat.
Your magical capacity is low (-10% MP).
You evolve.


Message History

Evoke which item? (* to show all) (? for menu, Esc to quit)
Zapping:
c - a wand of heal wounds (2/9)
Press: ? - help, Shift-Dir - straight line, f - you You feel much better.
This wand has 1 charge left.
The wight misses you.
You hit the wight but do no damage.
The wight is moderately damaged.
The wight hits you with an enchanted halberd!
* * * LOW HITPOINT WARNING * * *
You hit the wight but do no damage.
The wight is moderately damaged.
The wight hits you with an enchanted halberd!
* * * LOW HITPOINT WARNING * * *
You partially resist.
You feel drained.
You hit the wight.
The wight is severely damaged.
The wight barely misses you.
You hit the wight but do no damage.
The wight is severely damaged.
The wight hits you with an enchanted halberd!
You die...

,* #.#. #†##... * , * #
##.., * #....# .##. ... ,
, ###...## ....###..
######≈≈)).≈≈ *
#.#.....#####....#≈.(♣..≈
#.............###...(....
,
...........!.#*#...♣._.♣.
*
...[....#.#..###.........
.##.....@_.......#≈..♣..≈
* #....)#z#####..#≈≈...≈≈
,*#........# ##.###...##
#........# ##.###.#.#
*#.######## *..##...# *
#. ** #..##### # #.# , h.
*


You could see a wight.

Vanquished Creatures
  Sigmund (D:2)
  2 ogres (D:4)
  A big kobold (D:4)
  3 wights (D:6)
  2 howler monkeys (D:5)
  2 hounds
  An iguana (D:4)
  Jessica (D:2)
  An orc wizard (D:5)
  2 worker ants (D:4)
  A hound zombie (D:5)
  A hound skeleton (D:5)
  Robin (D:2)
  A howler monkey zombie (D:5)
  A worker ant zombie (D:5)
  6 adders
  A shadow imp (D:5)
  An ooze (D:2)
  3 worms (D:2)
  3 giant geckos
  19 orcs
  A ball python (D:1)
  12 bats
  2 giant cockroaches
  17 goblins
  9 hobgoblins
  A jackal (D:2)
  2 quokkas (D:3)
  A ball python zombie (D:5)
  A giant cockroach zombie (D:5)
  A giant gecko skeleton (D:4)
  A giant gecko zombie (D:5)
  3 giant newts
  26 kobolds
  6 rats
  A butterfly (D:4)
138 creatures vanquished.

Vanquished Creatures (others)
  A jackal zombie (D:6)
  A plant (D:4)
2 creatures vanquished.

Grand Total: 140 creatures vanquished

Notes
Turn   | Place    | Note
--------------------------------------------------------------
     0 | D:1      | tyranidshit the Deep Dwarf Necromancer began the quest for the Orb.
     0 | D:1      | Reached XP level 1. HP: 15/15 MP: 3/3
   225 | D:1      | Reached XP level 2. HP: 24/24 MP: 0/5
   289 | D:1      | Reached skill level 1 in Fighting
   938 | D:2      | Noticed Jessica
   939 | D:2      | Noticed Robin
   970 | D:3      | Reached XP level 3. HP: 17/31 MP: 2/6
   992 | D:3      | Learned a level 3 spell: Vampiric Draining
  1163 | D:2      | Reached skill level 2 in Fighting
  1370 | D:2      | Noticed Sigmund
  1394 | D:2      | Killed Sigmund
  1394 | D:2      | Reached skill level 3 in Fighting
  1394 | D:2      | Reached XP level 4. HP: 33/42 MP: 0/9
  1394 | D:2      | Reached XP level 5. HP: 39/49 MP: 0/10
  1475 | D:2      | Killed Robin
  1638 | D:2      | Killed Jessica
  1726 | D:3      | Reached XP level 6. HP: 37/57 MP: 2/11
  1782 | D:3      | Found an iron altar of Okawaru.
  1826 | D:3      | Found a stormy altar of Qazlal.
  1829 | D:3      | Found a blossoming altar of Fedhas.
  2063 | D:3      | Found a faded altar to an unknown god.
  2099 | D:3      | Found an oddly glowing altar of Pakellas.
  2469 | D:4      | Reached skill level 4 in Fighting
  2840 | D:4      | Found a staircase to the Ecumenical Temple.
  2858 | Temple   | Entered the Ecumenical Temple
  3038 | D:4      | Reached XP level 7. HP: 15/66 MP: 0/13
  3083 | D:4      | Got a silken robe
  3095 | D:4      | Identified the +1 robe of Ashenzari {*Contam rPois rCorr Int+3} (You found it on level 4 of the Dungeon)
  3317 | D:4      | Reached skill level 5 in Fighting
  3337 | D:5      | Entered Level 5 of the Dungeon
  3390 | D:5      | Reached skill level 5 in Spellcasting
  3411 | D:5      | Found a shattered altar of Ashenzari.
  3476 | D:5      | Gained mutation: You tend to lose your temper in combat. [potion of mutation]
  3476 | D:5      | Gained mutation: Your magical capacity is low (-10% MP). [potion of mutation]
  3476 | D:5      | Gained mutation: You evolve. [potion of mutation]
  3982 | D:6      | Found a white marble altar of Elyvilon.
  4024 | D:6      | Found a bloodstained altar of Trog.
  4075 | D:6      | HP: 1/68 [wight/dagger (4)]
  4102 | D:6      | Reached skill level 6 in Fighting
  4102 | D:6      | Reached XP level 8. HP: 31/76 MP: 13/13
  4123 | D:6      | HP: 1/76 [hound (4)]
  4155 | D:6      | Slain by a wight

Skill      XL: |  1  2  3  4  5  6  7 |
---------------+----------------------+-----
Spellcasting   | 2 3 4 5 |  5.6
Fighting       | 1 3 4 6 |  6.0
Dodging        | |  2.1
Stealth        | |  2.4
Necromancy     | |  4.3

Action                   |  1- 3 |  4- 6 |  7- 9 || total
-------------------------+-------+-------+-------++-------
Melee: Short sword       |    11 |       |       ||    11
       Trident           |    41 |   207 |   193 ||   441
 Cast: Pain              |    51 |    21 |     5 ||    77
       Vampiric Draining |     5 |    35 |    31 ||    71
 Abil: Device Recharging |       |       |     1 ||     1
Evoke: Wand              |     3 |     4 |     5 ||    12
  Use: Scroll            |     6 |     1 |       ||     7
       Potion            |       |     2 |     5 ||     7
 Stab: Sleeping          |     1 |     3 |       ||     4
       Invisible         |       |       |     1 ||     1
  Eat: Bread ration      |     1 |     2 |       ||     3
       Pizza             |       |       |     1 ||     1
       Beef jerky        |       |       |     1 ||     1
       Royal jelly       |       |       |     1 ||     1
Armor: Robe              |    39 |    42 |    55 ||   136
Dodge: Dodged            |    97 |   220 |   179 ||   496
